AoeStats
← 我是來種田的

Arabia

505297570Analyzed
2v2 RM · 22d ago on Sep 8, 2026· 37m 57s· 4 players
Game mode
Random Map
Map size
Medium (4 player)
Population
200
Speed
Normal
Resources
Standard
Victory
Conquest
Starting age
Dark Age
Ending age
Imperial Age
RankedLock teamsTeams togetherTeam positionsShared explorationLock speedFull tech treeHidden civsTurbo modeCheats
Victory
Defeat
🇯🇴 Franks · Jordan
972
+15
🇮🇳 Romans · India
948
+16
🇭🇰 Vietnamese · Hong Kong SAR China
964
-16
🇭🇰 Khmer · Hong Kong SAR China
935
-15
retinderdeepsingh
5:21 Loom
11:14 Feudal Age
12:27 Double-Bit Axe
12:25 Horse Collar
16:15 Scale Mail Armor
16:26 Forging
24:30 Castle Age
23:15 Stone Mining
23:19 Gold Mining
22:53 Man-at-Arms
24:34 Pikeman
25:41 Chain Mail Armor
24:50 Long Swordsman
26:58 Heavy Plow
32:49 Gold Shaft Mining
33:55 Fletching
Prince Of The Darkness
9:14 Loom
11:40 Feudal Age
17:26 Castle Age
15:14 Double-Bit Axe
16:30 Scale Barding Armor
16:48 Gold Mining
18:05 Forging
19:09 Bow Saw
19:51 Chain Barding Armor
23:45 Fletching
25:14 Wheelbarrow
25:22 Stone Mining
27:02 Iron Casting
27:57 Husbandry
31:12 Hand Cart
32:23 Scale Mail Armor
35:54 Imperial Age
36:19 Bodkin Arrow
37:01 Conscription
36:42 Chivalry
36:12 Cavalier
37:35 Plate Barding Armor
38:50 Hoardings
我是來種田的
11:15 Feudal Age
16:16 Castle Age
16:31 Double-Bit Axe
16:54 Horse Collar
20:58 Loom
22:55 Scale Barding Armor
28:58 Wheelbarrow
28:38 Bow Saw
28:34 Heavy Plow
30:09 Hand Cart
30:03 Town Watch
32:37 Town Patrol
33:27 Bloodlines
33:51 Pikeman
35:19 Gold Mining
37:37 Forging
37:29 Scale Mail Armor
Disconnected
10:46 Feudal Age
15:09 Castle Age
14:39 Double-Bit Axe
19:45 Horse Collar
30:14 Squires
31:46 Gold Mining
Connection lost

Rejoining the realm…

Still unreachable

The connection could not be restored.

Session expired

The server has moved on; the page needs a fresh start.